 Dungeon Crawl Stone Soup version 0.22.1-6-g1668fe2c40 (webtiles) character file.

6 Kohma the Grave Robber (level 1, 0/13 (14) HPs)
             Began as a Ghoul Necromancer on Jan 22, 2019.
             Slain by a rat (3 damage)
             ... on level 1 of the Dungeon.
             The game lasted 00:01:36 (281 turns).

Kohma the Grave Robber (Ghoul Necromancer)           Turns: 281, Time: 00:01:36

HP:   0/13 (14)     AC:  3    Str: 11    XL:     1   Next: 90%
MP:   0/2           EV: 11    Int: 10    God:
Gold: 7             SH:  0    Dex:  9    Spells: 2/3 levels left

rFire    . . .     SeeInvis .   (no weapon)
rCold    + . .     Gourm    .   (no shield)
rNeg     + + +     Faith    .   g - +0 leather armour
rPois    ∞         Spirit   .   (no helmet)
rElec    .         Reflect  .   (no cloak)
rCorr    .         Harm     .   (no gloves)
MR       .....                  (no boots)
Stlth    +.........             (no amulet)
HPRegen  0.00/turn              (no ring)
MPRegen  0.08/turn              (no ring)

@: rotting
A: rotting body, claws 1, carnivore, cold resistance 1, negative energy
resistance 3, inhibited regeneration, torment resistance, unbreathing
a: no special abilities


You were on level 1 of the Dungeon.
You were not hungry.

You visited 1 branch of the dungeon, and saw 1 of its levels.

You collected 7 gold pieces.

Inventory:

Hand Weapons
 b - a +0 hunting sling
Armour
 a - a +0 robe
 g - a +0 leather armour (worn)
Scrolls
 h - a scroll of immolation {unknown}
Potions
 d - a potion of haste {unknown}
 e - a potion of brilliance {unknown}
Comestibles
 c - a ration
 f - 4 chunks of flesh


   Skills:
 + Level 1.9 Dodging
 - Level 2.1 Stealth
 + Level 0.4 Unarmed Combat
 + Level 1.8 Spellcasting
 * Level 4.1 Necromancy


You had 2 spell levels left.
You knew the following spells:

 Your Spells              Type           Power        Failure   Level  Hunger
a - Pain                  Necr           #...         8%          1    ##.....

Your spell library contained the following spells:

 Spells                   Type           Power        Failure   Level  Hunger
 Animate Skeleton         Necr           N/A          8%          1    ##.....
 Vampiric Draining        Necr           #.........   22%         3    ####...
 Regeneration             Chrm/Necr      #.........   47%         3    ####...
 Animate Dead             Necr           N/A          58%         4    #####..


Dungeon Overview and Level Annotations

Branches:
Dungeon (1/15)

Altars:


Innate Abilities, Weirdness & Mutations

Your body is rotting away.
You thrive on raw meat.
You are immune to poison.
You have sharp fingernails.
You are carnivorous and can eat meat at any time.
Your flesh is cold resistant. (rC+)
You are immune to negative energy. (rN+++)
You do not regenerate when monsters are visible.
You are immune to unholy pain and torment.
You can survive without breathing.


Message History

Aim: a bat (heavily wounded, chance to defeat MR: 76%)
The bat writhes in agony!
You kill the bat!
Casting: Pain (safe; 8% risk of failure)
Confirm with . or Enter, or press ? or * to list all spells.
You don't have enough magic to cast that spell.
Casting: Pain (safe; 8% risk of failure)
Confirm with . or Enter, or press ? or * to list all spells.
You don't have enough magic to cast that spell.
Casting: Pain (safe; 8% risk of failure)
Confirm with . or Enter, or press ? or * to list all spells.
You don't have enough magic to cast that spell.
You closely miss the rat. The rat bites you but does no damage.
You barely miss the rat. The rat barely misses you.
You barely miss the rat. The rat bites you but does no damage.
You barely miss the rat. The rat closely misses you.
You barely miss the rat. The rat barely misses you.
You closely miss the rat. The rat barely misses you.
You scratch the rat but do no damage. The rat bites you.
You die...

#............
#..........(.
#...%........
########............
#......#....>.......
##.####.#............
#.....#.###r#.#####..
#.....#.# #r#.# .
#.....#.# #@#.#
#.....#.###.#.#
#.....#.....#.#
#.....#######.#
#.....# ###.#####.
###.....# #.........
#.......# #.........
#.#.....#####.........
#.#......##..÷........


You could see 2 rats.

Vanquished Creatures
  2 hobgoblins (D:1)
  2 bats (D:1)
  A kobold (D:1)
  A rat (D:1)
6 creatures vanquished.

Notes
Turn   | Place    | Note
-------+----------+-------------------------------------------
     0 | D:1      | Kohma the Ghoul Necromancer began the quest for the Orb.
     0 | D:1      | Reached XP level 1. HP: 14/14 MP: 2/2
   281 | D:1      | Slain by a rat

Action                   || total
-------------------------++-------
Melee: Unarmed           ||    35
 Cast: Pain              ||     4
  Eat: Chunk             ||     3
Armor: Leather armour    ||    18
Dodge: Dodged            ||    39
